 Dungeon Crawl Stone Soup version 0.31.0-11-ge490571c62 (webtiles) character file.

Game seed: 12516213707450433581

158 Warped the Ruffian (level 5, 0/28 HPs)
             Began as a Vine Stalker Fighter on Jan 27, 2024.
             Slain by a gnoll
             ... wielding a +4 whip
             ... led by a gnoll bouda
              (7 damage)
             ... on level 3 of the Dungeon.
             The game lasted 00:02:27 (1848 turns).

Warped the Ruffian (Vine Stalker Fighter)           Turns: 1848, Time: 00:02:27

Health: 0/28       AC: 10    Str: 20    XL:     5   Next: 40%
Magic:  0/6        EV:  7    Int:  8    God:
Gold:   75         SH:  5    Dex: 14    Spells: 4/4 levels left

rFire   . .          .
                       - Unarmed
rCold   . . .        b - +0 buckler
rNeg    . . .        s - +0 chain mail
rPois   .            (no helmet)
rElec   .            (no cloak)
rCorr   .            (no gloves)
SInv    .            f - +0 pair of boots
Will    .....        (no amulet) Stlth
                     (no ring)
HPRegen 1.04/turn    (no ring)
MPRegen 0.10/turn

%: guardian spirit
@: mighty
A: fangs 2, regeneration 1, magic shield, antimagic bite, no potion heal 2
a: no special abilities


You were on level 3 of the Dungeon.
You visited 1 branch of the dungeon, and saw 3 of its levels.

You collected 75 gold pieces.

Inventory:

Hand Weapons
 e - a +0 orcbow
 n - a +3 heavy mace
Missiles
 j - 4 poisoned darts (quivered)
 t - 11 stones
Armour
 a - a +0 scale mail
 b - a +0 buckler (worn)
 f - a +0 pair of boots (worn)
 s - a +0 chain mail (worn)
Scrolls
 d - 5 scrolls of identify {unknown}
 i - 2 scrolls of fog {unknown}
 k - a scroll of revelation {unknown}
 l - a scroll of enchant weapon {unknown}
 m - a scroll of noise {unknown}
 q - a scroll of acquirement {unknown}
Potions
 c - 2 potions of might
 g - 3 potions of mutation {unknown}
 h - 3 potions of enlightenment {unknown}
 o - a potion of attraction {unknown}
 p - a potion of heal wounds {unknown}
 r - a potion of resistance {unknown}


   Skills:
 + Level 3.0 Fighting
 + Level 2.5 Armour
 + Level 0.4 Dodging
 + Level 3.0 Shields
 * Level 4.8 Unarmed Combat


You had 4 spell levels left.
You didn't know any spells.
Your spell library contained the following spells:

 Spells                   Type           Power      Damage    Failure   Level
 Magic Dart               Conj           0%         1d3       99%         1
 Blink                    Tloc           0%         N/A       100%        2
 Call Imp                 Summ           0%         N/A       100%        2


Dungeon Overview and Level Annotations

Branches:
Dungeon (3/15)

Altars:

Shops:
D:1 :


Innate Abilities, Weirdness & Mutations

You have extremely sharp teeth.
Your natural rate of healing is unusually fast.
When hurt, damage is shared between your health and your magic reserves.
Your bite disrupts and absorbs the magic of your enemies.
Potions cannot restore your health.


Message History

The gnoll bouda is severely wounded.
The gnoll bouda barks out a call to the hunt!
The gnoll picks up the pace!
You hit the gnoll bouda.
You kill the gnoll bouda!
Your Shields skill increases to level 3!
You hit the gnoll but do no damage. The gnoll hits you with a +0 flail.
The gnoll hits you with a +0 flail!
You barely miss the gnoll. Your bite misses the gnoll.
The gnoll hits you with a +0 flail.
You are too injured to fight recklessly!
You are too injured to fight recklessly!
You are too injured to fight recklessly!
You are too injured to fight recklessly!
You are too injured to fight recklessly!
You are too injured to fight recklessly!
You are too injured to fight recklessly!
You are too injured to fight recklessly!
You are too injured to fight recklessly!
You are too injured to fight recklessly!
You are too injured to fight recklessly!
You are too injured to fight recklessly!
You are too injured to fight recklessly!
You are too injured to fight recklessly!
You are too injured to fight recklessly!
You are too injured to fight recklessly!
Unknown command.
You punch the gnoll! You bite the gnoll.
You kill the gnoll!
The gnoll hits you with a +4 whip.
Your Fighting skill increases to level 3!
You punch the gnoll! Your bite misses the gnoll.
The gnoll is severely wounded.
You feel very mighty all of a sudden. The gnoll hits you with a +4 whip!
* * * LOW HITPOINT WARNING * * *
You closely miss the gnoll. Your bite misses the gnoll.
The gnoll is severely wounded.
The gnoll hits you with a +4 whip!
You die...

...[........
.......#
............
.......
...##..†...
.....#.# ..#
#...... ....... .
#.##### ...#.# #.#
gg#.# #.# #g#.#
#####.#####
#@#.####..........
#.#......###.#####
#............#
##############


You could see 3 gnolls.

Vanquished Creatures
  A gnoll bouda (D:3)
  An iguana (D:3)
  A gnoll (D:3)
  3 adders (D:2)
  A ribbon worm (D:2)
  A dart slug (D:1)
  7 endoplasms
  2 giant cockroaches (D:2)
  4 goblins
  7 hobgoblins
  3 jackals (D:2)
  6 kobolds
  2 quokkas (D:2)
  7 ball pythons
  9 bats
  4 frilled lizards
  3 rats
62 creatures vanquished.

Notes
Turn   | Place    | Note
-------+----------+-------------------------------------------
     0 | D:1      | Warped the Vine Stalker Fighter began the quest for the
                  | Orb.
     0 | D:1      | Reached XP level 1. HP: 11/11 MP: 2/2
    62 | D:1      | Reached XP level 2. HP: 16/16 MP: 1/3
    84 | D:1      | Found Cadihuz's Vocational Training.
   369 | D:1      | Reached skill level 3 in Unarmed Combat
   454 | D:1      | Reached XP level 3. HP: 17/19 MP: 2/4
   986 | D:2      | Reached skill level 4 in Unarmed Combat
  1095 | D:2      | Reached XP level 4. HP: 21/23 MP: 5/5
  1556 | D:3      | Reached XP level 5. HP: 28/28 MP: 6/6
  1848 | D:3      | Slain by a gnoll

Illustrated notes

Levels and vault maps discovered:
D:1:      saegor_arrival_fortress, layout_basic, roderic_roman_lattice,
          minivault_24, minmay_fountain_box, st_stairs_7,
          nicolae_shop_vocational
D:2:      layout_rooms, minmay_distorted
D:3:      layout_loops_ring, gammafunk_temple_overflow_elements, uniq_terence

Skill      XL: |  1  2  3  4  5 |
---------------+----------------+-----
Unarmed Combat | 3 4 |  4.8
Shields        | 3 |  3.0
Fighting       | 3 |  3.0
Armour         | |  2.5
Dodging        | |  0.4

Action                     |  1- 3 |  4- 6 || total
---------------------------+-------+-------++-------
  Melee: Unarmed           |   121 |    69 ||   190
         Bite              |    21 |    16 ||    37
    Use: Potion            |       |     1 ||     1
 Armour: Scale mail        |    75 |    15 ||    90
         Chain mail        |       |    36 ||    36
  Dodge: Dodged            |    52 |    17 ||    69
  Block: Buckler           |    23 |    15 ||    38
